 Dungeon Crawl Stone Soup version 0.29-a0-972-g43c84944fd (webtiles) character file.

Game seed: 3200045021109915967

18230 Conn the Arsonist (level 12, -4/71 HPs)
             Began as an Octopode Fire Elementalist on July 30, 2022.
             Was an Elder of Sif Muna.
             Slain by a polar bear (5 damage)
             ... on level 4 of the Lair of Beasts on July 31, 2022.
             The game lasted 01:04:41 (12695 turns).

Conn the Arsonist (Octopode Fire Elementalist)     Turns: 12695, Time: 01:04:41

Health: -4/71      AC:  1    Str:  7    XL:     12   Next: 56%
Magic:  12/26      EV: 14    Int: 18    God:    Sif Muna [****..]
Gold:   656        SH:  0    Dex: 17    Spells: 14/32 levels left

rFire   + + .      SeeInvis .   b - +5 sling of the Jumping Shrike {flame, rF- rN+ Will++}
rCold   . . .      Faith    .   (no shield)
rNeg    + + +      Spirit   .   (helmet restricted)
rPois   +          Reflect  .   n - amulet of regeneration
rElec   .          Harm     .   A - ring of protection from fire
rCorr   .          Rampage  .   H - ring of protection from fire
Will    +++..                   u - ring of positive energy
Stlth   ++++......              d - ring of willpower
HPRegen 1.01/turn               w - ring of poison resistance
MPRegen 0.20/turn               L - ring of positive energy
                                (no ring)
                                (no ring)

@: no status effects
A: almost no armour, amphibious, 8 rings, camouflage 1, gelatinous body 1,
(nimble swimmer 1), tentacles, agile 1, dopey 1, fire resistance 1
a: Renounce Religion, Channel Magic, Forget Spell, Divine Exegesis


You were on level 4 of the Lair of Beasts.
You worshipped Sif Muna.
Sif Muna was greatly pleased with you.
You visited 3 branches of the dungeon, and saw 16 of its levels.

You collected 656 gold pieces.

Inventory:

Hand Weapons
 a - a +3 scythe of protection
 b - the +5 sling of the Jumping Shrike (weapon) {flame, rF- rN+ Will++}
   (You found it on level 3 of the Dungeon)

   Any ammunition fired from it burns those it strikes, dealing additional fire
   damage.
   rF:        It makes you vulnerable to fire.
   rN:        It protects you from negative energy.
   Will:      It greatly increases your willpower.
 e - a +0 dagger of draining
 C - the +4 quarterstaff "Jelly's Doom" {vorpal, Fly Dex+2}
   (You found it on level 7 of the Dungeon)

   It inflicts extra damage upon your enemies.
   Dex:       It affects your dexterity (+2).
   Fly:       It grants you flight.
Missiles
 g - 13 curare-tipped darts
Magical Staves
 M - a staff of poison
Jewellery
 d - a ring of willpower (on tentacle)
 h - a ring of ice
 n - an amulet of regeneration (around mantle)
 u - a ring of positive energy (on tentacle)
 w - a ring of poison resistance (on tentacle)
 A - a ring of protection from fire (left tentacle)
 H - a ring of protection from fire (right tentacle)
 L - a ring of positive energy (on tentacle)
Wands
 c - a wand of flame (54)
 f - a wand of light (14)
 D - a wand of roots (6)
 F - a wand of mindburst (18)
 K - a wand of paralysis (7)
Scrolls
 j - 2 scrolls of vulnerability
 k - a scroll of brand weapon
 l - 2 scrolls of enchant weapon
 o - a scroll of poison
 s - 3 scrolls of fog
 t - 2 scrolls of noise
 v - a scroll of amnesia
 y - a scroll of enchant armour
 z - 3 scrolls of magic mapping
 E - a scroll of silence {unknown}
 G - a scroll of immolation {unknown}
Potions
 i - 2 potions of flight
 m - a potion of experience
 p - 2 potions of mutation
 q - 7 potions of curing
 r - 3 potions of attraction
 B - a potion of might
 I - 2 potions of magic
 N - a potion of brilliance
Miscellaneous
 J - a box of beasts (inert)


   Skills:
 + Level 2.3 Fighting
 + Level 0.4 Short Blades
 + Level 4.8 Ranged Weapons
 + Level 3.8 Dodging
 + Level 5.5 Stealth
 + Level 10.5 Spellcasting
 * Level 7.7 Conjurations
 + Level 2.6 Hexes
 - Level 4.0 Transmutations
 + Level 11.9 Fire Magic
 * Level 4.7 Invocations


You had 14 spell levels left.
You knew the following spells:

 Your Spells              Type           Power      Damage    Failure   Level
a - Foxfire               Conj/Fire      100%       2x1d9     1%          1
b - Conjure Flame         Conj/Fire      44%        6-21      1%          3
c - Inner Flame           Hex/Fire       35%        N/A       1%          3
d - Flame Wave            Conj/Fire      44%        2d11      1%          4
e - Scorch                Fire           100%       2d10      1%          2
f - Irradiate             Conj/Tmut      15%        3d16      19%         5

Your spell library contained the following spells:

 Spells                   Type           Power      Damage    Failure   Level
 Gell's Gravitas          Tloc           9%         N/A       22%         3
 Lesser Beckoning         Tloc           9%         N/A       22%         3
 Teleport Other           Tloc           9%         N/A       22%         3
 Blade Hands              Tmut           11%        N/A       38%         5
 Olgreb's Toxic Radiance  Pois           9%         N/A       58%         4
 Summon Forest            Summ/Tloc      4%         N/A       91%         5
 Ignition                 Fire           25%        3d9       98%         8
 Eringya's Noxious Bog    Tmut/Pois      8%         N/A       99%         6
 Dragon Form              Tmut           11%        N/A       100%        7
 Ozocubu's Refrigeration  Ice            4%         4d5       100%        7
 Summon Hydra             Summ           4%         N/A       100%        7


Dungeon Overview and Level Annotations

Branches:
Dungeon (11/15)            Temple (1/1) D:4            Lair (4/5) D:8
  Swamp (0/4) Lair:2          Orc (0/2) D:11
  Snake: Lair:2-3    Spider: Lair:2-3     Slime: Lair:4-5

Altars:
Ashenzari
Cheibriados
Dithmenos
Elyvilon
Fedhas
Gozag
Kikubaaqudgha
Makhleb
Nemelex Xobeh
Okawaru
Qazlal
Ru
Sif Muna
Trog
Uskayaw
Vehumet
Xom
Yredelemnul
Zin
The Shining One

Shops:
D:3 *(*(   D:11 (


Innate Abilities, Weirdness & Mutations

You cannot wear most types of armour.
You are amphibious.
You can wear up to eight rings at the same time.
Your skin changes colour to match your surroundings (Stealth+).
Your rubbery body absorbs attacks. (AC +1, EV +1)
((You are camouflaged when in or above water. (Stealth+)))
You have tentacles for arms and can constrict up to eight enemies at once.
You are agile. (Dex +4, Str/Int -1)
You are dopey. (Int -2)
Your flesh is heat resistant. (rF+)


Message History

The flame wave engulfs the killer bee!
You kill the killer bee!
Sif Muna accepts your kill. (Press . to intensify the flame waves.)
You hear a trumpeting!
A nearby plant withers and dies.
The dream sheep is engulfed in poison gas.
The dream sheep is poisoned.
The dream sheep bites you but does no damage.
The basilisk gazes at you. You resist with almost no effort.
A wave of flame ripples out!
The flame wave engulfs the dream sheep!
You kill the dream sheep!
Sif Muna accepts your kill.
The flame wave engulfs the dream sheep!
The dream sheep is almost dead.
The flame wave engulfs the polar bear.
The polar bear is lightly wounded.
You hear an angry buzzing noise.
You hear an angry hiss.
The dream sheep bites you.
* * * LOW HITPOINT WARNING * * *
Unknown command.
A wave of flame ripples out!
The flame wave engulfs the dream sheep.
You kill the dream sheep!
Sif Muna accepts your kill.
The flame wave engulfs the polar bear!
The polar bear is heavily wounded.
The flame wave engulfs the dream sheep!
The dream sheep is heavily wounded.
The flame wave engulfs the wolf!
The wolf is almost dead.
The flame wave engulfs the dream sheep!
The dream sheep is severely wounded.
You finish channelling waves of flame.
You hear an angry buzzing noise.
You hear an angry hiss. x2; You hear a shout!
You hear an angry buzzing noise.
The polar bear is poisoned.
The polar bear bites you!
* * * LOW HITPOINT WARNING * * *
The polar bear claws you.
You die...

###............
#§§§§§.§§§..#
##§§§##§§§..#
#§§§#§§§§#.#
#§§§§§§P§..#
##§§§§§§§§###
#§§§§§P§§§#
##§§§§§l.#...
##@§§.§##....
#§†h§§§# .P..
##Y##### .l.
#....hY# .#
#...#.... ##
#§§§§P .§§§§..
.#§§§§§#.
........#..


You could see a polar bear (poisoned), a basilisk, a wolf and 2 dream sheep.

Vanquished Creatures
  A centaur warrior (D:11)
  Erica (Lair:1)
  3 two-headed ogres
  Sonja (D:10)
  A bog body (Lair:2)
  An ugly thing (D:11)
  A black mamba (Lair:3)
  A gargoyle (D:10)
  A cane toad (Lair:3)
  Maggie (D:8)
  Psyche (D:8)
  An unseen horror (D:10)
  A rime drake (Lair:2)
  5 komodo dragons
  2 trolls
  A polar bear (Lair:3)
  8 blink frogs
  5 dream sheep (Lair:4)
  Sigmund (D:2)
  14 yaks
  2 wyverns
  A steam dragon (D:9)
  4 water moccasins
  An acid dragon (D:8)
  An orc warrior (D:8)
  3 ogres
  2 black bears (D:7)
  A sky beast (D:8)
  8 centaurs
  A phantom (D:7)
  2 kobold brigands
  4 necrophages
  7 scorpions
  5 bullfrogs
  2 gnoll sergeants
  5 wights (D:10)
  13 killer bees
  5 electric eels
  A howler monkey (D:7)
  4 hounds
  An orc priest (D:4)
  A gnoll bouda (D:10)
  3 iron imps (D:6)
  5 jellies
  4 iguanas
  Ijyb (D:4)
  Natasha (thrice) (D:2)
  8 orc wizards
  10 gnolls
  8 adders
  2 river rats (D:3)
  3 white imps
  An ufetubus (D:5)
  2 worms (D:3)
  5 dart slugs
  27 orcs
  4 bats
  7 endoplasms
  3 giant cockroaches
  11 goblins
  4 hobgoblins
  7 jackals
  11 kobolds
  4 quokkas
  8 ball pythons
  4 frilled lizards
  5 rats
  A spectral hobgoblin (D:1)
  A bush (Lair:3)
277 creatures vanquished.

Vanquished Creatures (collateral kills)
  13 foxfires
13 creatures vanquished.

Vanquished Creatures (others)
  931 foxfires
  7 fungi
  54 plants
992 creatures vanquished.

Grand Total: 1282 creatures vanquished

Notes
Turn   | Place    | Note
-------+----------+-------------------------------------------
     0 | D:1      | Conn the Octopode Fire Elementalist began the quest for the
                  | Orb.
     0 | D:1      | Reached XP level 1. HP: 11/11 MP: 3/3
   290 | D:1      | Reached XP level 2. HP: 17/17 MP: 3/5
   351 | D:1      | Found a faded altar of an unknown god.
  1123 | D:2      | Reached XP level 3. HP: 21/21 MP: 3/6
  1382 | D:2      | Noticed Sigmund
  1473 | D:2      | Learned a level 2 spell: Scorch
  1486 | D:2      | Reached skill level 4 in Fire Magic
  1613 | D:2      | Noticed Natasha
  1617 | D:2      | Killed Natasha
  1618 | D:2      | Reached XP level 4. HP: 27/27 MP: 5/7
  1737 | D:2      | Learned a level 3 spell: Conjure Flame
  2347 | D:3      | Noticed a scorpion
  2489 | D:2      | Noticed Natasha
  2497 | D:2      | Killed Natasha
  2617 | D:2      | Killed Sigmund
  2618 | D:2      | Reached XP level 5. HP: 23/31 MP: 0/10
  2618 | D:2      | Reached XP level 6. HP: 26/36 MP: 0/11
  2723 | D:2      | Noticed Natasha
  2731 | D:2      | Killed Natasha
  2732 | D:2      | Reached skill level 5 in Fire Magic
  2959 | D:3      | Found Alojeus's Assorted Antiques.
  2970 | D:3      | Found a glowing drain.
  3011 | D:3      | Found Jashi's Weapon Shop.
  3053 | D:3      | Found Cuekir's Weapon Shoppe.
  3379 | D:3      | Identified the +5 sling of the Jumping Shrike {flame, rF-
                  | rN+ Will++}
  3534 | D:3      | Found Plog's General Store.
  3648 | D:4      | Found a transporter.
  3655 | D:4      | Reached XP level 7. HP: 27/41 MP: 6/13
  3795 | D:4      | Found a staircase to the Ecumenical Temple.
  3804 | Temple   | Entered the Ecumenical Temple
  3813 | Temple   | Became a worshipper of Sif Muna the Loreminder
  4050 | D:4      | Found a sparkling altar of Nemelex Xobeh.
  4265 | D:4      | Found a transporter.
  4472 | D:4      | Reached * piety under Sif Muna
  4478 | D:4      | Reached skill level 1 in Fighting
  4600 | D:4      | Noticed Ijyb
  4611 | D:4      | Learned a level 3 spell: Inner Flame
  4616 | D:4      | Learned a level 4 spell: Flame Wave
  4631 | D:4      | Killed Ijyb
  4809 | D:5      | Entered Level 5 of the Dungeon
  4822 | D:5      | Reached skill level 5 in Spellcasting
  4957 | D:5      | Reached skill level 6 in Fire Magic
  4957 | D:5      | Reached XP level 8. HP: 48/48 MP: 10/16
  5095 | D:5      | Found a stormy altar of Qazlal.
  5213 | D:5      | Found an iron altar of Okawaru.
  5546 | D:6      | Reached skill level 7 in Fire Magic
  5703 | D:6      | Reached XP level 9. HP: 51/54 MP: 6/18
  5721 | D:6      | Reached skill level 1 in Hexes
  5816 | D:6      | Found a burning altar of Makhleb.
  6021 | D:6      | Reached skill level 1 in Ranged Weapons
  6120 | D:6      | Reached skill level 5 in Stealth
  6266 | D:6      | Reached ** piety under Sif Muna
  6275 | D:6      | Found Salekimy's Antique Weapon Emporium.
  6544 | D:7      | Reached skill level 8 in Fire Magic
  7030 | D:7      | Identified the +4 quarterstaff "Jelly's Doom" {vorpal, Fly
                  | Dex+2}
  7193 | D:7      | Reached skill level 5 in Conjurations
  7310 | D:8      | Noticed Maggie
  7317 | D:8      | Killed Maggie
  7318 | D:8      | Reached XP level 10. HP: 60/60 MP: 9/21
  7438 | D:8      | Noticed Psyche
  7448 | D:8      | Killed Psyche
  7471 | D:8      | Reached skill level 9 in Fire Magic
  8048 | D:8      | Noticed a two-headed ogre
  8053 | D:8      | Killed a two-headed ogre
  8451 | D:8      | Found a staircase to the Lair.
  8474 | D:8      | Learned a level 5 spell: Irradiate
  8505 | D:8      | Found a shimmering altar of Xom.
  8699 | D:9      | Reached skill level 10 in Fire Magic
  9011 | D:9      | Reached skill level 1 in Transmutations
  9022 | D:9      | Reached XP level 11. HP: 64/64 MP: 0/23
  9207 | D:9      | Found a glowing golden altar of the Shining One.
  9211 | D:9      | Noticed a two-headed ogre
  9222 | D:9      | Killed a two-headed ogre
  9222 | D:9      | Reached *** piety under Sif Muna
  9411 | D:9      | Noticed a two-headed ogre
  9419 | D:9      | Killed a two-headed ogre
  9567 | D:10     | Entered Level 10 of the Dungeon
  9841 | D:10     | Found a radiant altar of Vehumet.
  9857 | D:10     | Noticed Sonja
  9863 | D:10     | Killed Sonja
  9915 | D:10     | Found a sacrificial altar of Ru.
  9920 | D:10     | Found an opulent altar of Gozag.
 10654 | D:11     | Reached **** piety under Sif Muna
 10728 | D:11     | Found Yfafeuc's Weapon Boutique.
 10862 | D:11     | Noticed a centaur warrior
 10868 | D:11     | Killed a centaur warrior
 10869 | D:11     | Reached skill level 11 in Fire Magic
 10869 | D:11     | Reached skill level 1 in Invocations
 10972 | D:11     | Noticed a red ugly thing
 11009 | D:11     | Noticed a cyclops
 11248 | D:11     | Found a staircase to the Orcish Mines.
 11431 | D:11     | Killed a red ugly thing
 11612 | Lair:1   | Entered Level 1 of the Lair of Beasts
 11612 | Lair:1   | Noticed Erica
 11618 | Lair:1   | Killed Erica
 11620 | Lair:1   | Reached skill level 10 in Spellcasting
 11620 | Lair:1   | Reached XP level 12. HP: 38/70 MP: 10/26
 12090 | Lair:1   | Noticed a six-headed hydra
 12158 | Lair:2   | Found a staircase to the Swamp.
 12360 | Lair:3   | Gained mutation: You are agile. (Dex +4, Str/Int -1)
                  | [potion of mutation]
 12360 | Lair:3   | Gained mutation: Your flesh is heat resistant. (rF+)
                  | [potion of mutation]
 12360 | Lair:3   | Gained mutation: You are dopey. (Int -2) [potion of
                  | mutation]
 12634 | Lair:3   | Noticed a death yak
 12695 | Lair:4   | HP: 1/71 [polar bear (17)]
 12695 | Lair:4   | Slain by a polar bear

Illustrated notes

Levels and vault maps discovered:
D:1:      minmay_arrival_shattered_statue, layout_loops_cross,
          dreamdust_ecumenical_altar_drowned_temple
D:2:      layout_basic, grunt_ministairs_4, uniq_natasha, uniq_sigmund
D:3:      layout_rooms, portal_sewer_entry_c, serial_shops, shop_coins,
          nicolae_shop_overgrown_old_shop, shop, shop,
          minmay_stone_trees_medium, grunt_ministairs_2, nrook_uturn,
          grunt_decor_arrowhead
D:4:      gammafunk_steamed_eel, layout_loops_cross, nemelex_dance_club_becter,
          minmay_temple_entry_sparse_star, uniq_ijyb
D:5:      layout_basic, lemuel_crystal_altar, overflow_temple_1_default
D:6:      layout_rooms, demons_altar, serial_shops, nicolae_lakefront_shop,
          minmay_quadrilaterals
D:7:      layout_rooms
D:8:      layout_cave_pools, xom_butterflies, david_lair_shrubbed, uniq_maggie,
          uniq_psyche
D:9:      layout_cross, tso_metal_star
D:10:     layout_small_grid, mainiacjoe_overflow_paths,
          nicolae_overflow_squiral, enter_bailey_5, uniq_sonja
D:11:     layout_roguey, orc_0_dummy, serial_shops, nicolae_shop_stone
Temple:   cyrus_circular_temple
Lair:1:   layout_chaotic_city, grunt_megastairs_2, uniq_grum, uniq_gastronok,
          uniq_erica
Lair:2:   layout_cave_pods, skrybe_swamp_entry_bodies
Lair:3:   layout_chaotic_city, guppyfry_snake_entry_garden, beast_lair_carwin_7
Lair:4:   regret_index_tunnel_blossom, layout_gridlike,
          minmay_slime_entry_oklob_enclosed, uniq_nessos, uniq_urug

Skill      XL: |  1  2  3  4  5  6  7  8  9 10 11 12 |
---------------+-------------------------------------+-----
Fire Magic     | 4 5 6 7 8 10 11 | 11.9
Stealth        | 3 4 5 |  5.5
Spellcasting   | 3 4 5 6 7 8 10 | 10.5
Conjurations   | 2 3 4 5 6 7 |  7.7
Fighting       | 1 2 |  2.3
Hexes          | 1 2 |  2.6
Ranged Weapons | 4 |  4.8
Transmutations | 1 4 |  4.0
Dodging        | 3 |  3.8
Invocations    | 2 4 |  4.7
Short Blades   | |  0.4

Action                   |  1- 3 |  4- 6 |  7- 9 | 10-12 || total
-------------------------+-------+-------+-------+-------++-------
Melee: Unarmed           |     3 |       |       |       ||     3
       Constrict         |     6 |     7 |     6 |       ||    19
       Tentacles         |     6 |     9 |     7 |       ||    22
       Dagger            |    12 |    17 |    22 |       ||    51
       Sling             |       |       |       |     1 ||     1
 Fire: Sling             |       |       |    33 |    32 ||    65
 Cast: Foxfire           |    50 |    91 |   165 |   239 ||   545
       Scorch            |       |    20 |    29 |    82 ||   131
       Conjure Flame     |       |     1 |     4 |     6 ||    11
       Inner Flame       |       |       |     5 |    25 ||    30
       Flame Wave        |       |       |     5 |    22 ||    27
       Irradiate         |       |       |       |     2 ||     2
Invok: Channel Magic     |       |       |       |     1 ||     1
Evoke: Box of beasts     |       |       |       |     1 ||     1
  Use: Scroll            |       |     3 |     8 |    13 ||    24
       Potion            |       |     2 |       |     9 ||    11
 Stab: Sleeping          |     2 |     1 |     4 |       ||     7
Armor: Skin              |     2 |     2 |     2 |    13 ||    19
Dodge: Dodged            |    16 |    43 |    33 |    64 ||   156

Table legend: (Time is in decaauts)
 A = Elapsed time spent in this place.
 B = Non-inter-level travel time spent in this place.
 C = Inter-level travel time spent in this place.
 D = Time resting spent in this place.
 E = Time spent auto-exploring this place.
 F = Levels seen in this place.
 G = Mean time per level.
                   A        B        C        D        E       F      G
               +--------+--------+--------+--------+--------+-----+--------+
         Total |  12747 |  12556 |    191 |   1622 |   6423 |  16 |  796.7 |
       Dungeon |  11721 |  11531 |    190 |   1561 |   5768 |  11 | 1065.5 |
        Temple |     18 |     18 |      0 |      0 |      0 |   1 |   18.0 |
          Lair |   1007 |   1007 |      0 |     61 |    655 |   4 |  251.8 |
               +--------+--------+--------+--------+--------+-----+--------+

Top non-repeatable levels by time:
     D:2: 1648 daAuts
    D:10: 1315 daAuts
     D:7: 1196 daAuts
     D:1: 1190 daAuts
     D:4: 1179 daAuts
     D:8: 1080 daAuts
     D:9: 895 daAuts
     D:6: 887 daAuts
     D:5: 844 daAuts
     D:3: 777 daAuts
    D:11: 705 daAuts
  Lair:1: 407 daAuts
  Lair:3: 403 daAuts
  Lair:2: 149 daAuts
  Lair:4: 46 daAuts
